 Dungeon Crawl Stone Soup version 0.22-a0-136-g83a10e5 (webtiles) character file.

57 mhoghedin the Gusty (level 3, 0/29 HPs)
             Began as a Draconian Air Elementalist on Feb 3, 2018.
             Slain by a goblin (3 damage)
             ... led by Robin
             ... on level 2 of the Dungeon.
             The game lasted 00:02:41 (1334 turns).

mhoghedin the Gusty (Draconian Air Elementalist)    Turns: 1334, Time: 00:02:43

Health: 0/29       AC:  6    Str: 10    XL:     3   Next: 73%
Magic:  3/7        EV: 12    Int: 16    God:
Gold:   76         SH:  0    Dex: 11    Spells: 4/7 levels left

rFire    . . .     SeeInvis .   r - +0 rapier (curse)
rCold    . . .     Gourm    .   (no shield)
rNeg     . . .     Faith    .   (armour unavailable)
rPois    .         Spirit   .   (helmet restricted)
rElec    .         Reflect  .   c - +0 cloak
rCorr    .         Harm     .   (no gloves)
MR       .....                  (no boots)
Stlth    ++........             (no amulet)
HPRegen  0.09/turn              (no ring)
MPRegen  0.10/turn              (no ring)

@: very slightly contaminated
A: unfitting armour, cold-blooded, AC +5
a: no special abilities


You were on level 2 of the Dungeon.
You were hungry.

You visited 1 branch of the dungeon, and saw 2 of its levels.

You collected 76 gold pieces.

Inventory:

Hand Weapons
 f - a +0 dagger
   (You took it off a goblin on level 1 of the Dungeon)
 r - a cursed +0 rapier (weapon)
   (You found it on level 2 of the Dungeon)
Armour
 c - a +0 cloak (worn)
   (You found it on level 1 of the Dungeon)
Scrolls
 d - a scroll of noise {unknown}
 h - a scroll of immolation {unknown}
 i - a scroll of amnesia {unknown}
 j - a scroll of enchant armour {unknown}
 k - a scroll of teleportation {unknown}
 m - a scroll of magic mapping {unknown}
 o - 2 scrolls of remove curse {unknown}
 p - 3 scrolls of identify {unknown}
Potions
 e - a potion of resistance {unknown}
 g - a potion of might {unknown}
 l - 2 potions of curing {unknown}
 n - a potion of mutation {unknown}
Books
 a - a book of Air
Comestibles
 b - 2 rations


   Skills:
 - Level 2.0 Fighting
 - Level 1.7 Dodging
 - Level 1.7 Stealth
 - Level 2.9 Spellcasting
 + Level 1.4 Conjurations
 + Level 3.2 Air Magic


You had 4 spell levels left.
You knew the following spells:

 Your Spells              Type           Power        Failure   Level  Hunger
a - Shock                 Conj/Air       #...         7%          1    #......
s - Swiftness             Chrm/Air       #.......     14%         2    ##.....


Dungeon Overview and Level Annotations

Branches:
Dungeon (2/15)

Altars:
Ashenzari

Annotations:
D:2 Robin


Innate Abilities, Weirdness & Mutations

Your plain brown scales are hard. (AC +5)
You cannot fit into any form of body armour.
You are cold-blooded and may be slowed by cold attacks.


Message History

MASSIVE DAMAGE!!
You hit the worm.
Your tail-slap misses the worm.
The worm bites you but does no damage.
You hit the worm. You hit the worm.
You kill the worm!
Your Fighting skill increases to level 2!
You start resting.
You now have 76 gold pieces (gained 9).
b - 2 rations (gained 1)
A goblin and a dart slug come into view.
The goblin shouts!
You hear an angry hiss.
You hear a shout! x4
A leopard gecko, 3 goblins and a hobgoblin come into view.
Health restored: 29
There are monsters nearby!
A goblin, a hobgoblin and Robin come into view.
The hobgoblin shouts!
The goblin shouts!
You hear a shout! 2 goblins come into view.
The goblin shouts!
Robin throws the goblin at you!
The goblin shouts!
The goblin completely misses you.
A hobgoblin comes into view. It is wielding a club.
You take 1 damage, and have 28/29 hp.
You hit the goblin but do no damage. Robin throws the goblin at you!
The goblin hits you.
The leopard gecko bites you but does no damage.
The goblin closely misses you.
Robin drinks a potion.
Robin flickers and vanishes!
Deactivating autopickup; reactivate with Ctrl-A.
The goblin barely misses you.
A goblin comes into view.
You take 1 damage, and have 27/29 hp.
You hit the goblin.
You kill the goblin!
The leopard gecko closely misses you.
The goblin hits you but does no damage. x2
The goblins go into a battle-frenzy!
The goblin hits you with a dagger. The leopard gecko misses you.
Things that are here:
a club; a goblin corpse You take 2 damage, and have 25/29 hp.
The leopard gecko hisses menacingly.
There are no items here.
Unknown command.
The goblin hits you but does no damage. Something throws the goblin at you!
The goblin hits you but does no damage. The hobgoblin misses you.
The hobgoblin no longer looks unusually strong.
Something hits you. The hobgoblin barely misses you.
You take 2 damage, and have 24/29 hp.
You are feeling hungry.
The goblin no longer looks unusually strong.
Something throws the goblin at you! The goblin barely misses you.
You barely miss the goblin.
You kill the goblin!
Something throws the goblin at you! The goblin hits you but does no damage.
Things that are here:
a dagger; a goblin corpse You take 2 damage, and have 22/29 hp.
You closely miss the goblin.
The goblin no longer looks unusually strong.
The goblin hits you but does no damage. Something hits you.
The goblin misses you.
You take 3 damage, and have 19/29 hp.
You barely miss the goblin.
You kill the goblin!
Something hits you but does no damage.
The goblin no longer looks unusually strong.
Things that are here:
a dagger; a goblin corpse Robin appears from thin air!
Reactivating autopickup.
Robin roars a battlecry!
The goblins go into a battle-frenzy!
Okay, then.
That beam is likely to hit you.
Continue anyway?
You miscast Shock.
You are very lightly contaminated with residual magic.
The air around you crackles with energy!
Robin barely misses you.
You now have 6/7 mp.
The zap hits Robin.
The zap hits the hobgoblin. x2; The zap misses Robin.
Robin hits you but does no damage.
You now have 5/7 mp.
The zap misses Robin.
The zap hits the goblin.
The zap misses the goblin.
The zap misses Robin.
The hobgoblin hits you with a club! Robin throws the goblin at you!
The goblin closely misses you.
You take 7 damage, and have 13/29 hp.
MASSIVE DAMAGE!!
You now have 4/7 mp.
The zap hits Robin.
Robin appears unharmed.
The zap hits Robin.
Robin throws the goblin at you! The hobgoblin hits you with a club!
* * * LOW HITPOINT WARNING * * *
The goblin barely misses you. The goblin closely misses you.
You take 10 damage, and have 3/29 hp.
MASSIVE DAMAGE!!
You now have 3/7 mp.
Robin completely misses you. The goblin hits you.
You die...

#........ ##....####
....... ###.....+
....... #.......#
#....... #.......#
##....... #....#.##
#........ #....#.#
#........ #gg..#.#
#..........####g@..#.#
gg#.". ........g...#
#g#..##########.#'##
#g#.l...gg)g..g.#.#
#l##g############.#
#.##.#............#
#.##l#.#############
...g.#.# ###...#
#.####.# #.....#


You could see Robin, 2 hobgoblins and 2 goblins.

Vanquished Creatures
  2 adders (D:2)
  A worm (D:2)
  2 leopard geckos (D:1)
  2 bats
  3 giant cockroaches
  8 goblins
  3 hobgoblins (D:1)
  2 frilled lizards (D:1)
  4 kobolds
  4 rats
31 creatures vanquished.

Notes
Turn   | Place    | Note
-------+----------+-------------------------------------------
     0 | D:1      | mhoghedin the Draconian Air Elementalist began the quest for the Orb.
     0 | D:1      | Reached XP level 1. HP: 14/14 MP: 3/3
    83 | D:1      | Reached XP level 2. HP: 16/20 MP: 5/5
   178 | D:1      | Learned a level 2 spell: Swiftness
   551 | D:1      | Reached skill level 1 in Fighting
   845 | D:2      | Reached XP level 3. HP: 25/28 MP: 4/7
  1111 | D:2      | Found a shattered altar of Ashenzari.
  1126 | D:2      | Reached skill level 2 in Fighting
  1298 | D:2      | Noticed Robin
  1333 | D:2      | HP: 3/29 [hobgoblin/club[Robin] (10)]
  1334 | D:2      | Slain by a goblin

Vault maps used:
D:1:      sevenhm_arrival_forest_fort_small_3
D:2:      ashenzari_conservatory_becter, tgw_trog, first_ration, uniq_robin

Skill      XL: |  1  2  3 |
---------------+----------+-----
Fighting       | 1 2 |  2.0
Dodging        | |  1.7
Stealth        | |  1.7
Spellcasting   | |  2.9
Conjurations   | |  1.4
Air Magic      | |  3.2

Action                   || total
-------------------------++-------
Melee: Dagger            ||    84
       Tailslap          ||    14
       Unarmed           ||     1
       Rapier            ||    37
 Cast: Shock             ||     8
  Eat: Chunk             ||     1
Armor: Skin              ||    51
Dodge: Dodged            ||    83

Table legend:
 A = Spawn XP
 B = Non-spawn XP
 C = Spawn XP percentage of total XP
 D = Spawn monster count
 E = Non-spawn monster count
 F = Spawn count percentage of total count
 G = Total turns spent on level
                    A         B        C        D         E        F      G
               +---------+---------+-------+---------+---------+-------+---------
         Total |       0 |      82 |   0.0 |       0 |      31 |   0.0 |  1334
               +---------+---------+-------+---------+---------+-------+---------
           D:1 |       0 |      35 |   0.0 |       0 |      19 |   0.0 |   834
           D:2 |       0 |      47 |   0.0 |       0 |      12 |   0.0 |   500
               +---------+---------+-------+---------+---------+-------+---------

Vault maps used:
D:1:      sevenhm_arrival_forest_fort_small_3
D:2:      ashenzari_conservatory_becter, tgw_trog, first_ration, uniq_robin

Table legend:
 A = Turns spent in this place as a percentage of turns spent in the entire game.
 B = Non-inter-level travel turns spent in this place as a percentage of non-inter-level travel turns spent in the entire game.
 C = Inter-level travel turns spent in this place as a percentage of turns spent in this place.
 D = Turns resting spent in this place as a percentage of non-inter-level travel turns spent in this place.
 E = Turns spent auto-exploring this place as a percentage of non-inter-level travel turns spent in this place.
 F = Non-inter-level travel turns spent in this place divided by the number of levels of this place that you've seen.
                   A       B       C       D       E      F
               +-------+-------+-------+-------+-------+----------------------
         Total | 100.0 | 100.0 |   3.1 |  35.9 |  42.2 | 646.5
       Dungeon | 100.0 | 100.0 |   3.1 |  35.9 |  42.2 | 646.5
               +-------+-------+-------+-------+-------+----------------------

Table legend:
 A = Kills in this place as a percentage of kills in entire the game.
 B = Kills by you in this place as a percentage of kills by you in the entire game.
 C = Kills by friends in this place as a percentage of kills by friends in the entire game.
 D = Other kills in this place as a percentage of other kills in the entire game.
 E = Experience gained in this place as a percentage of experience gained in the entire game.
 F = Experience gained in this place divided by the number of levels of this place that you have seen.
                   A       B       C       D       E      F
               +-------+-------+-------+-------+-------+----------------------
         Total | 100.0 | 100.0 |   N/A |   N/A | 100.0 |  41.0
       Dungeon | 100.0 | 100.0 |   N/A |   N/A | 100.0 |  41.0
               +-------+-------+-------+-------+-------+----------------------
